 Dungeon Crawl Stone Soup version 0.27-a0-920-gb2bd10914a (webtiles) character file.

Game seed: 6067791377012032773

4 Lanoc the Caller (level 1, -1/14 HPs)
             Began as a Minotaur Summoner on Apr 9, 2021.
             Slain by a kobold
             ... wielding a +0 short sword
              (5 damage)
             ... on level 1 of the Dungeon.
             The game lasted 00:00:20 (266 turns).

Lanoc the Caller (Minotaur Summoner)                 Turns: 266, Time: 00:00:20

Health: -1/14      AC:  2    Str: 12    XL:     1   Next: 50%
Magic:  1/1        EV: 12    Int: 12    God:
Gold:   41         SH:  0    Dex: 10    Spells: 1/2 levels left

rFire    . . .     SeeInvis .   (no weapon)
rCold    . . .     Faith    .   (no shield)
rNeg     . . .     Spirit   .   a - +0 robe
rPois    .         Reflect  .   (helmet restricted)
rElec    .         Harm     .   (no cloak)
rCorr    .         Rampage  .   (no gloves)
Will     .....                  (no boots)
Stlth    ++........             (no amulet)
HPRegen  0.04/turn              (no ring)
MPRegen  0.07/turn              (no ring)

@: no status effects
A: horns 2, retaliatory headbutt
a: no special abilities


You were on level 1 of the Dungeon.
You visited 1 branch of the dungeon, and saw 1 of its levels.

You collected 41 gold pieces.

Inventory:

Armour
 a - a +0 robe (worn)
Potions
 b - a potion of degeneration {unknown}


   Skills:
 + Level 2.3 Dodging
 - Level 1.5 Stealth
 - Level 1.3 Spellcasting
 * Level 3.1 Summonings


You had one spell level left.
You knew the following spells:

 Your Spells              Type           Power      Damage    Failure   Level
h - Summon Small Mammal   Summ           32%        N/A       9%          1

Your spell library contained the following spells:

 Spells                   Type           Power      Damage    Failure   Level
 Call Imp                 Summ           8%         N/A       12%         2
 Call Canine Familiar     Summ           8%         N/A       24%         3
 Summon Guardian Golem    Hex/Summ       4%         N/A       43%         3
 Summon Ice Beast         Ice/Summ       4%         N/A       83%         4
 Summon Lightning Spire   Summ/Air       4%         N/A       83%         4


Dungeon Overview and Level Annotations

Branches:
Dungeon (1/15)

Altars:


Innate Abilities, Weirdness & Mutations

You have a pair of horns on your head.
You reflexively headbutt those who attack you in melee.


Message History

The hobgoblin closely misses you.
A hobgoblin is nearby!
You closely miss the hobgoblin.
The hobgoblin is severely wounded.
The hobgoblin closely misses you.
You hit the hobgoblin but do no damage. You headbutt the hobgoblin.
You kill the hobgoblin!
No target in view!
b - a viscous brown potion
Found a stone staircase leading down.
You open the door.
There is an open door here.
A kobold comes into view. It is wielding a +0 short sword.
The kobold shouts!
The kobold throws a stone.
The stone barely misses you.
You hit the kobold but do no damage. The kobold misses you.
You furiously retaliate!
You headbutt the kobold!
You kill the kobold!
No target in view!
Things that are here:
a +0 short sword; 5 stones
Found a dagger.
You now have 41 gold pieces (gained 17).
You open the door.
A kobold comes into view. It is wielding a +0 short sword.
Found 9 gold pieces.
There is an open door here.
A kobold comes into view. It is wielding a +0 short sword.
The kobold shouts! x2
The kobold throws a stone.
The stone closely misses you.
The kobold throws a stone.
The stone misses you.
You hit the kobold.
The kobold is moderately wounded.
The kobold hits you with a +0 short sword.
You hit the kobold but do no damage. Your headbutt misses the kobold.
The kobold is moderately wounded.
The kobold hits you with a +0 short sword.
* * * LOW HITPOINT WARNING * * *
The kobold hits you with a +0 short sword.
You die...

########## #........#
#........# #...KK...#
#....@...######
+........'....#
#........####.#
....$.....#####.########
........................
.......##.#####.########
....... #.# #..#..
############.# #..#.#
#..........# #..#.#


You could see 2 kobolds.

Vanquished Creatures
  A hobgoblin (D:1)
  A kobold (D:1)
  3 rats (D:1)
5 creatures vanquished.

Notes
Turn   | Place    | Note
-------+----------+-------------------------------------------
     0 | D:1      | Lanoc the Minotaur Summoner began the quest for the Orb.
     0 | D:1      | Reached XP level 1. HP: 14/14 MP: 1/1
    62 | D:1      | Reached skill level 3 in Summonings
   266 | D:1      | Slain by a kobold

Illustrated notes

Levels and vault maps discovered:
D:1:      erik_arrival_orb_chamber, layout_basic, chequers_serial_rivers_micro_a

Skill      XL: |  1 |
---------------+----+-----
Summonings     | 3 |  3.1
Dodging        | |  2.3
Stealth        | |  1.5
Spellcasting   | |  1.3

Action                   || total
-------------------------++-------
Melee: Unarmed           ||    17
       Headbutt          ||     4
Armor: Robe              ||     1
Dodge: Dodged            ||    13

Table legend: (Time is in decaauts)
 A = Elapsed time spent in this place.
 B = Non-inter-level travel time spent in this place.
 C = Inter-level travel time spent in this place.
 D = Time resting spent in this place.
 E = Time spent auto-exploring this place.
 F = Levels seen in this place.
 G = Mean time per level.
                   A        B        C        D        E       F      G
               +--------+--------+--------+--------+--------+-----+--------+
         Total |    266 |    266 |      0 |      0 |    227 |   1 |  266.0 |
       Dungeon |    266 |    266 |      0 |      0 |    227 |   1 |  266.0 |
               +--------+--------+--------+--------+--------+-----+--------+

Top non-repeatable levels by time:
     D:1: 266 daAuts
